 Dungeon Crawl Stone Soup version 0.25-a0-804-g50c693f418 (webtiles) character file.

Game seed: 9772035120726049262, levelgen mode: deterministic

238 Esekla the Magician (level 6, -1/33 HPs)
             Began as a Tengu Venom Mage on Apr 19, 2020.
             Was an Initiate of Gozag.
             Slain by an ogre
             ... wielding a cursed -3 giant club
              (5 damage)
             ... on level 4 of the Dungeon.
             The game lasted 00:29:49 (3614 turns).

Esekla the Magician (Tengu Venom Mage)              Turns: 3614, Time: 00:29:50

Health: -1/33      AC: 11    Str:  8    XL:     6   Next: 7%
Magic:  11/12      EV:  8    Int: 17    God:    Gozag
Gold:   154        SH:  0    Dex: 15    Spells: 6/12 levels left

rFire    . . .     SeeInvis .   i - +0 short sword
rCold    . . .     Gourm    +   (no shield)
rNeg     . . .     Faith    .   y - +3 scale mail {rPois}
rPois    +         Spirit   .   (helmet restricted)
rElec    .         Reflect  .   f - +1 cloak
rCorr    .         Harm     .   (no gloves)
MR       .....                  (boots unavailable)
Stlth    ..........             l - amulet of the gourmand
HPRegen  0.11/turn              (no ring)
MPRegen  0.13/turn              (no ring)

@: drained
A: beak, talons 3, able to fly
a: Fly, Potion Petition, Call Merchant, Bribe Branch, Renounce Religion


You were on level 4 of the Dungeon.
You worshipped Gozag.
Gozag was aware of your devotion.
You were completely stuffed.

You visited 2 branches of the dungeon, and saw 5 of its levels.

You collected 215 gold pieces.
You paid 61 gold pieces to Gozag.

Inventory:

Hand Weapons
 i - a +0 short sword (weapon)
Armour
 f - a +1 cloak (worn)
 p - a +0 leather armour
 y - a +3 scale mail of poison resistance (worn)
Jewellery
 a - an uncursed amulet of harm
 l - an amulet of the gourmand (around neck)
Wands
 w - a wand of iceblast (10)
Scrolls
 b - 2 scrolls of noise {unknown}
 d - 5 scrolls of remove curse
 e - a scroll of blinking {unknown}
 g - a scroll of identify
 j - a scroll of teleportation {unknown}
 m - a scroll of magic mapping {unknown}
 q - a scroll of fog {unknown}
 t - a scroll of immolation {unknown}
Potions
 h - a potion of might
 k - 2 potions of cancellation {unknown}
 n - a potion of mutation {unknown}
 o - a potion of lignification {unknown}
 r - 2 potions of flight {unknown}
 s - a potion of brilliance {unknown}
 v - a potion of magic {unknown}
 x - a potion of heal wounds
 z - 2 potions of curing {unknown}
Comestibles
 c - 5 rations


   Skills:
 + Level 0.5(0.0) Fighting
 + Level 1.7(1.0) Short Blades
 * Level 1.7(1.0) Armour
 * Level 3.4(2.7) Dodging
 - Level 2.0(1.2) Stealth
 * Level 3.7(2.9) Spellcasting
 * Level 1.4(0.7) Conjurations
 - Level 0.7(0.0) Transmutations
 * Level 2.4(1.7) Air Magic
 - Level 3.0(2.2) Poison Magic


You had 6 spell levels left.
You knew the following spells:

 Your Spells              Type           Power        Failure   Level  Hunger
a - Sting                 Tmut/Pois      #...         73%         1    None
b - Poisonous Vapours     Pois/Air       #.....       75%         2    ##.....
c - Mephitic Cloud        Conj/Pois/Air  #.......     95%         3    ###....

Your spell library contained the following spells:

 Spells                   Type           Power        Failure   Level  Hunger
 Ignite Poison            Fire/Tmut/Pois #.......     98%         3    ###....
 Olgreb's Toxic Radiance  Pois           ##......     100%        4    ####...


Dungeon Overview and Level Annotations

Branches:
Dungeon (4/15)             Temple (1/1) D:4

Altars:
Ashenzari
Cheibriados
Dithmenos
Elyvilon
Gozag
Kikubaaqudgha
Okawaru
Qazlal
Ru
Sif Muna
Trog
Vehumet
Wu Jian
Yredelemnul
Zin
The Shining One


Innate Abilities, Weirdness & Mutations

You have a beak for a mouth.
You have claws for feet.
You can fly continuously.


Message History

You barely miss the ogre. You claw the ogre.
The ogre is heavily wounded.
The ogre hits you with a cursed -3 giant club!
You hit the ogre.
The ogre is heavily wounded.
The ogre hits you but does no damage.
Your scale mail prevents you from hitting the ogre.
You claw the ogre, but do no damage.
The ogre is heavily wounded.
You hit the ogre. Your kick misses the ogre.
The ogre is severely wounded.
The ogre hits you with a cursed -3 giant club!
* * * LOW HITPOINT WARNING * * *
The ogre looks more healthy.
Your scale mail prevents you from hitting the ogre.
You peck the ogre.
The ogre is almost dead.
The ogre hits you with a cursed -3 giant club.
You die...
Your body crumbles into a pile of gold.

...##.# #...##
...##.#########...#
...##.#...........#
........########..#
...##.#.# #......#
......#.# #.##...#
......#.# #(##...#
......#.# #.##...#
......#.# #.##.@.#
#####.#.# #[##.O.#
#####.#.# #.##...#
......# #.##...#
####..#$ #.##...#
#..# ..... #..#
#..#.## #..# #.. ..
#..# #.# ##


You could see an ogre.

Vanquished Creatures
  Ijyb (D:3)
  An orc wizard (D:4)
  A worker ant (D:4)
  6 adders
  An ooze (D:4)
  An adder zombie (D:3)
  2 worms
  3 dart slugs
  2 leopard geckos
  10 orcs
  3 giant cockroaches
  9 goblins
  4 hobgoblins
  5 jackals
  13 kobolds
  A quokka (D:2)
  7 bats
  6 frilled lizards
  A jackal skeleton (D:4)
  5 rats
82 creatures vanquished.

Notes
Turn   | Place    | Note
-------+----------+-------------------------------------------
     0 | D:1      | Esekla the Tengu Venom Mage began the quest for the Orb.
     0 | D:1      | Reached XP level 1. HP: 10/10 MP: 4/4
   290 | D:1      | Reached XP level 2. HP: 15/15 MP: 1/6
   296 | D:1      | Learned a level 2 spell: Poisonous Vapours
   585 | D:2      | Reached XP level 3. HP: 19/19 MP: 2/8
   791 | D:2      | Reached skill level 1 in Air Magic
   965 | D:1      | Learned a level 3 spell: Mephitic Cloud
  1533 | D:2      | Reached XP level 4. HP: 24/24 MP: 9/9
  1911 | D:3      | Noticed Ijyb
  1920 | D:3      | Killed Ijyb
  1981 | D:3      | Found a basalt altar of Yredelemnul.
  2067 | D:2      | Gained mutation: You can fly continuously. [Tengu growth]
  2067 | D:2      | Reached XP level 5. HP: 28/28 MP: 4/11
  2117 | D:2      | Found a white marble altar of Elyvilon.
  2130 | D:2      | Became a worshipper of Elyvilon the Healer
  2310 | D:3      | Found a sacrificial altar of Ru.
  2348 | D:3      | Reached skill level 1 in Armour
  2977 | D:4      | Reached * piety under Elyvilon
  3028 | D:4      | Found a staircase to the Ecumenical Temple.
  3053 | D:4      | Reached skill level 1 in Short Blades
  3077 | D:4      | Reached skill level 1 in Conjurations
  3091 | Temple   | Entered the Ecumenical Temple
  3246 | Temple   | Fell from the grace of Elyvilon
  3246 | Temple   | Became a worshipper of Gozag Ym Sagoz the Greedy
  3507 | D:4      | Reached XP level 6. HP: 27/33 MP: 7/12
  3614 | D:4      | Slain by an ogre

Levels and vault maps discovered:
D:1:      dpeg_arrival_lava_temple_mockup, layout_loops_ring,
          minmay_misc_feat_encased
D:2:      layout_loops_cross, lemuel_crystal_altar
D:3:      layout_loops_ring, old_standard_altar, lemuel_crystal_altar,
          first_ration, uniq_ijyb
D:4:      layout_basic, dancing_weapons_uskayaw, minmay_temple_entry_trees
Temple:   cyrus_circular_temple

Skill      XL: |  1  2  3  4  5 |
---------------+----------------+-----
Spellcasting   | 3 |  3.7
Air Magic      | 1 2 |  2.4
Dodging        | 3 |  3.4
Armour         | 1 |  1.7
Short Blades   | 1 |  1.7
Conjurations   | 1 |  1.4
Fighting       | |  0.5
Stealth        | |  2.0
Transmutations | |  0.7
Poison Magic   | |  3.0

Action                   |  1- 3 |  4- 6 || total
-------------------------+-------+-------++-------
Melee: Dagger            |     5 |       ||     5
       Kick              |     2 |    54 ||    56
       Short sword       |    27 |   223 ||   250
       Peck              |     3 |    30 ||    33
 Cast: Sting             |     9 |       ||     9
       Poisonous Vapours |    28 |    12 ||    40
Invok: Lesser Healing    |       |     3 ||     3
  Use: Scroll            |     1 |     2 ||     3
       Potion            |       |     2 ||     2
 Stab: Sleeping          |       |     3 ||     3
  Eat: Chunk             |     2 |    20 ||    22
Armor: Robe              |     6 |       ||     6
       Leather armour    |     8 |     6 ||    14
       Scale mail        |       |   111 ||   111
Dodge: Dodged            |    32 |    87 ||   119

Table legend:
 A = Non-vault XP
 B = Vault XP
 C = Vault XP percentage of total XP
 D = Non-vault monster count
 E = Vault monster count
 F = Vault count percentage of total count
                 A         B        C        D         E       F
            +---------+---------+-------+---------+---------+-------
      Total |     305 |      35 |  10.3 |      81 |       1 |   1.2
            +---------+---------+-------+---------+---------+-------
        D:1 |      45 |       0 |   0.0 |      25 |       0 |   0.0
        D:2 |      87 |       0 |   0.0 |      21 |       0 |   0.0
        D:3 |      62 |      35 |  36.1 |      22 |       1 |   4.3
        D:4 |     109 |       0 |   0.0 |      12 |       0 |   0.0
     Temple |       2 |       0 |   0.0 |       1 |       0 |   0.0
            +---------+---------+-------+---------+---------+-------
